 Dungeon Crawl Stone Soup version 0.31-a0-237-g2d982f9f85 (webtiles) character file.

Game seed: 11409042839058744440

85 qw the Shooter (level 4, -2/26 HPs)
             Began as a Gargoyle Hexslinger on July 11, 2023.
             Slain by Ijyb
             ... wielding a +0 club
              (3 damage)
             ... on level 3 of the Dungeon.
             The game lasted 00:00:30 (1116 turns).

qw the Shooter (Gargoyle Hexslinger)                Turns: 1116, Time: 00:00:31

Health: -2/26      AC:  6    Str: 11    XL:     4   Next: 48%
Magic:  5/5        EV: 11    Int: 14    God:
Gold:   117        SH:  0    Dex: 14    Spells: 4/5 levels left

rFire   . . .        Y - +2 sling (flame)
rCold   + . .        (no shield)
rNeg    + . .        g - +0 leather armour
rPois   inf          (no helmet)
rElec   +            (no cloak)
rCorr   .            (no gloves)
SInv    .            (no boots)
Will    .....        (no amulet)
Stlth   +            e - ring of protection from cold
HPRegen 0.24/turn    (no ring)
MPRegen 0.09/turn

%: no passive effects
@: about to teleport
A: sickness immunity, AC +3, negative energy resistance 1, electricity
resistance, torment resistance 1, petrification resistance
a: no special abilities


You were on level 3 of the Dungeon.
You visited 1 branch of the dungeon, and saw 3 of its levels.

You collected 117 gold pieces.


Innate Abilities, Weirdness & Mutations

You are immune to sickness and miasma.
Your stone body is resilient. (AC +3)
You are immune to poison.
You resist negative energy. (rN+)
You are resistant to electric shocks. (rElec)
You are resistant to unholy torment.
You are immune to petrification.


   Skills:
 - Level 2.1 Fighting
 + Level 4.2 Ranged Weapons
 - Level 1.5 Dodging
 - Level 1.0 Spellcasting
 - Level 2.6 Hexes


You had 4 spell levels left.
You knew the following spells:

 Your Spells              Type           Power      Damage    Failure   Level
a - Slow                  Hex            32%        N/A       12%         1

Your spell library contained the following spells:

 Spells                   Type           Power      Damage    Failure   Level
 Inner Flame              Hex/Fire       4%         N/A       52%         3
 Portal Projectile        Hex/Tloc       8%         N/A       52%         3
 Cause Fear               Hex            4%         N/A       75%         4

Inventory:

Hand Weapons
 Y - a +2 sling of flaming (weapon)
Armour
 d - a +1 ring mail of fire resistance
 g - a +0 leather armour (worn)
Jewellery
 e - a ring of protection from cold (left hand)
Potions
 a - a potion of magic {unknown}
 c - a potion of curing
 h - a potion of might {unknown}

Dungeon Overview and Level Annotations

Branches:
Dungeon (3/15)

Altars:

Annotations:
D:3 Ijyb


Message History

You shoot a sling bullet.
The sling bullet hits Ijyb but does no damage.
You shoot a sling bullet.
The sling bullet hits Ijyb but does no damage.
Ijyb zaps a wand.
The puff of flame hits you. Ijyb hits you with a +0 club.
You shoot a sling bullet. The sling bullet barely misses Ijyb.
Ijyb screams, "You nasty!
Big nasty!"
Ijyb hits you with a +0 club.
You shoot a sling bullet. The sling bullet closely misses Ijyb.
Ijyb closely misses you.
You shoot a sling bullet. The sling bullet hits Ijyb.
The sling bullet burns Ijyb.
Ijyb is lightly wounded.
Ijyb hits you but does no damage.
You shoot a sling bullet.
The sling bullet hits Ijyb but does no damage.
Ijyb is lightly wounded.
Ijyb misses you.
You shoot a sling bullet. The sling bullet closely misses Ijyb.
Ijyb completely misses you.
You shoot a sling bullet.
The sling bullet completely misses Ijyb.
Ijyb hits you but does no damage. Ijyb closely misses you.
You shoot a sling bullet.
The sling bullet hits Ijyb but does no damage.
Ijyb is lightly wounded.
Ijyb barely misses you.
You shoot a sling bullet.
The sling bullet hits Ijyb but does no damage.
Ijyb is lightly wounded.
Ijyb zaps a wand.
The puff of flame hits you!
1115 ||| READING scroll of teleportation.
As you read the scroll of teleportation, it crumbles to dust.
You feel strangely unstable. Ijyb hits you with a +0 club.
You shoot a sling bullet.
The sling bullet hits Ijyb but does no damage.
Ijyb is lightly wounded.
Ijyb hits you with a +0 club.
You die...

#. #. ###
#. #<# #.
#.# #. #.#
#. #.#
######.##.#
.......@..#
...###g####
#. #. .. #.
#. ..


You could see Ijyb.

Vanquished Creatures
  A gnoll (D:1)
  3 adders (D:2)
  3 dart slugs (D:2)
  4 bats
  5 endoplasms
  3 giant cockroaches
  5 goblins
  4 hobgoblins
  4 kobolds
  7 ball pythons
  A frilled lizard (D:2)
  2 rats
42 creatures vanquished.

Notes
Turn   | Place    | Note
-------+----------+-------------------------------------------
     0 | D:1      | qw the Gargoyle Hexslinger began the quest for the Orb.
     0 | D:1      | Reached XP level 1. HP: 12/12 MP: 2/2
     0 | D:1      | 0 ||| qw: Version: 0.3-a-52-g30416fa
     0 | D:1      | 0 ||| qw: Game counter: 5552
     0 | D:1      | 0 ||| qw: Melee chars always use a shield: true
     0 | D:1      | 0 ||| qw: God list: Okawaru
     0 | D:1      | 0 ||| qw: Allow faded altars: false
     0 | D:1      | 0 ||| qw: Do Orc after clearing Dungeon:15 true
     0 | D:1      | 0 ||| qw: Do second Lair branch before Depths: true
     0 | D:1      | 0 ||| qw: Lair rune preference: random
     0 | D:1      | 0 ||| qw: Goals: Normal
     0 | D:1      | 0 ||| PLANNING D:1-11
    49 | D:1      | 49 ||| SWAPPING to +2 sling of flaming.
    50 | D:1      | 50 ||| DROPPING +1 sling.
    81 | D:1      | Reached XP level 2. HP: 16/16 MP: 3/3
   118 | D:1      | Found a faded altar of an unknown god.
   131 | D:1      | Reached skill level 3 in Ranged Weapons
   161 | D:1      | HP: 4/16 [gnoll/+0 whip (3)]
   163 | D:1      | Reached XP level 3. HP: 6/21 MP: 4/4
   556 | D:1      | 556 ||| UPGRADING to +0 leather armour.
   566 | D:1      | 566 ||| DROPPING +0 robe.
   567 | D:1      | 567 ||| READING scroll labelled ONUOPR PUFOKH.
   572 | D:1      | 572 ||| READING scroll labelled BAJAN YBIWKY.
   573 | D:1      | 573 ||| DROPPING scroll of poison.
   707 | D:2      | Reached XP level 4. HP: 26/26 MP: 5/5
   896 | D:2      | Reached skill level 4 in Ranged Weapons
  1069 | D:2      | 1069 ||| UPGRADING to ring of protection from cold.
  1070 | D:2      | 1070 ||| READING scroll labelled RYROCW QEOCKI.
  1071 | D:2      | 1071 ||| READING scroll labelled LEIMYP IGYPP.
  1072 | D:2      | 1072 ||| DRINKING 2 amethyst potions.
  1101 | D:3      | Noticed Ijyb
  1114 | D:3      | HP: 1/26 [Ijyb/puff of flame (8)]
  1115 | D:3      | 1115 ||| READING scroll of teleportation.
  1116 | D:3      | Slain by Ijyb

Levels and vault maps discovered:
D:1:      nicolae_arrival_memento_mori, layout_rooms,
          ebering_ecumenical_altar_ruins, minmay_misc_feat_enclosed,
          minivault_19, kennysheep_small_spiral
D:2:      layout_rooms, minmay_crystal_room
D:3:      layout_basic, kennysheep_okawaru_gauntlet,
          mainiacjoe_overflow_tiny_flanked, gammafunk_ghost_mausoleum,
          corexii_leaking_fountain, nicolae_underground_beach, uniq_ijyb

Skill      XL: |  1  2  3  4 |
---------------+-------------+-----
Ranged Weapons | 3 4 |  4.2
Fighting       | 2 |  2.1
Dodging        | |  1.5
Spellcasting   | |  1.0
Hexes          | |  2.6

Action                     |  1- 3 |  4- 6 || total
---------------------------+-------+-------++-------
   Fire: Sling             |    70 |    43 ||   113
    Use: Scroll            |     2 |     3 ||     5
         Potion            |       |     1 ||     1
 Armour: Robe              |     3 |       ||     3
         Leather armour    |       |     5 ||     5
  Dodge: Dodged            |    12 |    16 ||    28

Table legend:
 A = Non-vault XP
 B = Vault XP
 C = Vault XP percentage of total XP
 D = Non-vault monster count
 E = Vault monster count
 F = Vault count percentage of total count
                 A         B        C        D         E       F
            +---------+---------+-------+---------+---------+-------
      Total |     122 |       0 |   0.0 |      42 |       0 |   0.0
            +---------+---------+-------+---------+---------+-------
        D:1 |      54 |       0 |   0.0 |      24 |       0 |   0.0
        D:2 |      68 |       0 |   0.0 |      18 |       0 |   0.0
            +---------+---------+-------+---------+---------+-------
